 Dungeon Crawl Stone Soup version 0.31-a0-692-gf03d1854d5 (webtiles) character file.

Game seed: 8675956491025415023

267 qw the Shooter (level 6, -6/38 HPs)
             Began as a Gargoyle Hunter on Sept 6, 2023.
             Mangled by an orc warrior
             ... wielding a +0 dire flail
              (15 damage)
             ... on level 4 of the Dungeon.
             The game lasted 00:00:59 (2115 turns).

qw the Shooter (Gargoyle Hunter)                    Turns: 2115, Time: 00:00:59

Health: -6/38      AC: 11    Str: 13 (14) XL:     6   Next: 21%
Magic:  6/6        EV: 11    Int:  9 (10) God:
Gold:   162        SH:  0    Dex: 21      Spells: 5/5 levels left

rFire   . . .        Y - +0 shortbow
rCold   . . .        (shield currently unavailable)
rNeg    + . .        e - +0 ring mail
rPois   inf          d - +1 helmet
rElec   +            (no cloak)
rCorr   .            (no gloves)
SInv    .            (no boots)
Will    .....        (no amulet)
Stlth   +            a - +6 ring of dexterity
HPRegen 0.26/turn    (no ring)
MPRegen 0.10/turn

%: no passive effects
@: no status effects
A: sickness immunity, AC +4, negative energy resistance 1, electricity
resistance, torment resistance 1, petrification resistance
a: no special abilities


You were on level 4 of the Dungeon.
You visited 1 branch of the dungeon, and saw 4 of its levels.

You collected 162 gold pieces.


Innate Abilities, Weirdness & Mutations

You are immune to sickness and miasma.
Your stone body is resilient. (AC +4)
You are immune to poison.
You resist negative energy. (rN+)
You are resistant to electric shocks. (rElec)
You are resistant to unholy torment.
You are immune to petrification.


   Skills:
 - Level 4.0 Fighting
 + Level 6.4 Ranged Weapons
 - Level 1.0 Armour
 - Level 1.5 Dodging
 - Level 1.1 Stealth


You had 5 spell levels left.
You didn't know any spells.
Your spell library was empty.

Inventory:

Hand Weapons
 Y - a +0 shortbow (weapon)
Armour
 d - a +1 helmet (worn)
 e - a +0 ring mail (worn)
 g - a +3 ring mail
Jewellery
 a - a +6 ring of dexterity (left hand)
Potions
 b - a potion of cancellation {unknown}
 c - a potion of haste {unknown}
 f - a potion of attraction {unknown}
 h - a potion of curing {unknown}
 i - a potion of heal wounds {unknown}

Dungeon Overview and Level Annotations

Branches:
Dungeon (4/15)
 Temple: D:4-7

Altars:
Nemelex Xobeh
The Shining One

Annotations:
D:3 3 runed translucent doors, qw's ghost, amateur GrHu


Message History

The orc priest calls down the wrath of Beogh upon you.
Pain shoots through your body!
The orc warrior moves out of view.
You shoot an arrow. The arrow hits the orc priest!
The orc priest is almost dead.
The orc priest mumbles some strange prayers to Beogh against you.
You barely resist. You shoot an arrow. The arrow hits the orc priest.
You kill the orc priest!
You shoot an arrow. The arrow barely misses the orc.
You shoot an arrow. The arrow closely misses the orc.
You shoot an arrow. The arrow hits the orc!
You kill the orc!
You start resting.
HP restored.
An orc warrior and a kobold come into view.
The orc warrior shouts!
The kobold moves out of view.
You shoot an arrow.
The arrow hits the orc warrior but does no damage.
You shoot an arrow.
The arrow barely misses the orc warrior.
The arrow completely misses the kobold.
You shoot an arrow. The arrow hits the orc warrior!
The orc warrior is moderately wounded.
You shoot an arrow.
The arrow hits the orc warrior but does no damage.
The orc warrior is moderately wounded.
The orc warrior hits you with a +0 dire flail.
You shoot an arrow. The arrow hits the orc warrior.
The orc warrior is heavily wounded.
The orc warrior hits you with a +0 dire flail!
You shoot an arrow. The arrow hits the orc warrior.
The orc warrior is heavily wounded.
The orc warrior closely misses you. The kobold hits you but does no damage.
The orc warrior hits you with a +0 dire flail!
The kobold barely misses you.
You shoot an arrow.
The arrow closely misses the orc warrior.
The orc warrior hits you with a +0 dire flail!
You die...

..###. ......#
.....?.## ...%....##
o.[.)...<## #..).....#
#)...# #.# ##oK.# #.#
##@## #.# #.# #.# #.#
#####.## #.###...#..#
####
##..#}.}....###....
##....%_............
####.....}.}###....###.
#..........####...##
######<.#### #...##


You could see an orc warrior and a kobold.

Vanquished Creatures
  A hound (D:4)
  An orc priest (D:4)
  2 orc wizards (D:3)
  4 gnolls (D:3)
  4 adders
  A worm (D:2)
  3 dart slugs
  9 orcs
  2 ball pythons
  3 endoplasms
  2 giant cockroaches
  2 goblins
  9 hobgoblins
  9 jackals
  A quokka (D:2)
  5 bats
  A frilled lizard (D:3)
  5 kobolds
  5 rats
69 creatures vanquished.

Notes
Turn   | Place    | Note
-------+----------+-------------------------------------------
     0 | D:1      | qw the Gargoyle Hunter began the quest for the Orb.
     0 | D:1      | Reached XP level 1. HP: 12/12 MP: 1/1
     0 | D:1      | 0 ||| qw: Version: 0.3-a-76-g4403597
     0 | D:1      | 0 ||| qw: Game counter: 61
     0 | D:1      | 0 ||| qw: Melee chars always use a shield: true
     0 | D:1      | 0 ||| qw: God list: Okawaru
     0 | D:1      | 0 ||| qw: Allow faded altars: false
     0 | D:1      | 0 ||| qw: Do Orc after clearing Dungeon:15 true
     0 | D:1      | 0 ||| qw: Do second Lair branch before Depths: true
     0 | D:1      | 0 ||| qw: Lair rune preference: random
     0 | D:1      | 0 ||| qw: Goals: Normal
     0 | D:1      | 0 ||| PLANNING D:1-11
   226 | D:1      | Reached XP level 2. HP: 17/17 MP: 2/2
   741 | D:1      | 741 ||| UPGRADING to +0 ring mail.
   751 | D:1      | 751 ||| DROPPING +0 leather armour.
   752 | D:1      | 752 ||| READING 4 scrolls labelled FYEQIEKEFU.
   753 | D:1      | 753 ||| READING scroll labelled KIONOXTOSAA.
   763 | D:1      | 763 ||| DROPPING 3 scrolls of fear.
   764 | D:1      | 764 ||| DROPPING scroll of butterflies.
  1025 | D:2      | Found a faded altar of an unknown god.
  1064 | D:2      | Reached skill level 1 in Armour
  1099 | D:2      | Reached XP level 3. HP: 21/21 MP: 3/3
  1242 | D:2      | Reached skill level 5 in Ranged Weapons
  1415 | D:2      | 1415 ||| UPGRADING to +1 helmet.
  1420 | D:2      | 1420 ||| UPGRADING to +6 ring of dexterity.
  1421 | D:2      | 1421 ||| READING scroll labelled MEPLUIJILA.
  1422 | D:2      | 1422 ||| READING scroll labelled GIAWOM HYMILOGY.
  1423 | D:2      | 1423 ||| READING scroll labelled XOERIE LAPHA.
  1500 | D:3      | Reached XP level 4. HP: 27/27 MP: 4/4
  1508 | D:3      | Reached skill level 3 in Fighting
  1571 | D:3      | Found a glowing golden altar of the Shining One.
  1750 | D:3      | Reached XP level 5. HP: 32/32 MP: 5/5
  1770 | D:3      | HP: 8/32 [gnoll/+0 spear (6)]
  1771 | D:3      | 1771 ||| READING scroll of teleportation.
  1879 | D:3      | Found a runed translucent gate.
  1880 | D:3      | Found a runed translucent gate.
  1881 | D:3      | Found a runed translucent gate.
  1882 | D:3      | Noticed qw's ghost (amateur GrHu)
  1982 | D:3      | Reached skill level 6 in Ranged Weapons
  2008 | D:3      | 2008 ||| READING scroll labelled MYMAKHUDDUN.
  2009 | D:3      | 2009 ||| DRINKING 2 inky potions.
  2010 | D:3      | 2010 ||| DROPPING potion of degeneration.
  2071 | D:4      | Found a sparkling altar of Nemelex Xobeh.
  2081 | D:4      | Reached XP level 6. HP: 38/38 MP: 6/6
  2099 | D:4      | Noticed an orc warrior
  2099 | D:4      | 2099 ||| RETREATING.
  2114 | D:4      | HP: 8/38 [orc warrior/+0 dire flail (15)]
  2115 | D:4      | Mangled by an orc warrior

Levels and vault maps discovered:
D:1:      kennysheep_arrival_forest, layout_loops_ring, dk_noncrumbling_4
D:2:      layout_basic, shapermc_ecumenical_altar_mp_highgroup,
          kennysheep_generic_room_4
D:3:      layout_rooms, old_standard_altar, gammafunk_ghost_necromancy
D:4:      layout_layer_cave, nemelex_xobeh_ov_fountains_minmay, uniq_edmund

Skill      XL: |  1  2  3  4  5 |
---------------+----------------+-----
Armour         | 1 |  1.0
Ranged Weapons | 5 6 |  6.4
Fighting       | 3 4 |  4.0
Dodging        | |  1.5
Stealth        | |  1.1

Action                     |  1- 3 |  4- 6 || total
---------------------------+-------+-------++-------
   Fire: Shortbow          |   108 |   133 ||   241
    Use: Scroll            |     5 |     2 ||     7
         Potion            |       |     1 ||     1
 Armour: Ring mail         |    17 |    50 ||    67
         Leather armour    |     1 |       ||     1
  Dodge: Dodged            |    24 |    42 ||    66

Table legend:
 A = Non-vault XP
 B = Vault XP
 C = Vault XP percentage of total XP
 D = Non-vault monster count
 E = Vault monster count
 F = Vault count percentage of total count
                 A         B        C        D         E       F
            +---------+---------+-------+---------+---------+-------
      Total |     382 |       0 |   0.0 |      69 |       0 |   0.0
            +---------+---------+-------+---------+---------+-------
        D:1 |      22 |       0 |   0.0 |      14 |       0 |   0.0
        D:2 |      42 |       0 |   0.0 |      15 |       0 |   0.0
        D:3 |     184 |       0 |   0.0 |      27 |       0 |   0.0
        D:4 |     134 |       0 |   0.0 |      13 |       0 |   0.0
            +---------+---------+-------+---------+---------+-------
